 Dungeon Crawl Stone Soup version 0.28.0-53-g5a82cb258f (webtiles) character file.

Game seed: 15676640656738105918

0 Descartes the Scratcher (level 1, -1/7 HPs)
             Began as a Felid Wanderer on June 14, 2022.
             Slain by a kobold
             ... wielding a +0 short sword
              (5 damage)
             ... on level 1 of the Dungeon.
             The game lasted 00:02:15 (201 turns).

Descartes the Scratcher (Felid Wanderer)             Turns: 201, Time: 00:02:16

Health: -1/7       AC:  1    Str:  7    XL:     1   Next: 8%
Magic:  3/3        EV: 16    Int: 10    God:
Gold:   12         SH:  0    Dex: 19    Spells: 2/2 levels left
                                        Lives:  0   Deaths: 0

rFire   . . .      SeeInvis +     - Unarmed
rCold   . . .      Faith    .   (shield unavailable)
rNeg    . . .      Spirit   .   (armour unavailable)
rPois   .          Reflect  .   (helmet unavailable)
rElec   .          Harm     .   (cloak unavailable)
rCorr   .          Rampage  .   (gloves unavailable)
Will    .....                   (boots unavailable)
Stlth   ++........              (no amulet)
HPRegen 0.02/turn               (no ring)
MPRegen 0.08/turn               (no ring)

@: quick
A: very small, claws 1, fangs 3, see invisible, speed 1, shaggy fur 1, stealthy
paws, no weapons or thrown items, no armour, multi-lived
a: no special abilities


You were on level 1 of the Dungeon.
You visited 1 branch of the dungeon, and saw 1 of its levels.

You collected 12 gold pieces.

Inventory:

Missiles
 e - 26 stones
Scrolls
 a - a scroll of blinking
 b - a scroll of fear
 c - a scroll of silence
 f - a scroll of fog {unknown}
Miscellaneous
 d - a piece from Xom's chessboard (15/15) (quivered)


   Skills:
 + Level 1.4 Dodging
 + Level 0.1 Stealth
 + Level 5.0 Unarmed Combat
 - Level 1.0 Spellcasting
 - Level 3.2 Evocations


You had 2 spell levels left.
You didn't know any spells.
Your spell library was empty.

Dungeon Overview and Level Annotations

Branches:
Dungeon (1/15)

Altars:


Innate Abilities, Weirdness & Mutations

You have sharp claws.
You have razor-sharp teeth.
You have supernaturally acute eyesight. (SInv)
You cover ground quickly. (Speed+)
You are covered in fur. (AC +1)
Your paws help you pounce on unaware monsters.
You are incapable of wielding weapons or throwing items.
You cannot wear armour.
You gain extra lives every three experience levels.


Message History

Press ? for a list of commands and other information.
Found a staircase leading out of the dungeon.
You begin with the following items: a scroll of blinking, a scroll of fear, a scroll of silence, a piece from Xom's chessboard (15/15).
Welcome back, Descartes the Felid Wanderer.
Press ? for a list of commands and other information.
Your library has no spells.
You open the door.
Found 21 arrows.
There is an open door here.
Found 26 stones.
Unknown command.
Found a stone staircase leading down.
Unknown command.
A bat comes into view.
The bat misses you.
You scratch the bat.
The bat is moderately wounded.
The bat hits you. The bat hits you.
You scratch the bat.
You kill the bat!
No target in view!
No target in view!
HP restored.
e - 26 stones
f - a scroll labelled QAHEIZERCH UROK You now have 12 gold pieces.
A kobold comes into view. It is wielding a +0 short sword.
You closely miss the kobold.
The kobold hits you with a +0 short sword.
You closely miss the kobold.
The kobold hits you with a +0 short sword.
You scratch the kobold.
The kobold is moderately wounded.
The kobold misses you.
You scratch the kobold but do no damage.
The kobold is moderately wounded.
The kobold hits you with a +0 short sword.
Ouch! That really hurt!
You die...

#...###...#
#>#..#....#
#.##...#..# . #
##.##..# .. #.##..#
.# #.##..# ###..
#.###.##..# ...
#....#....#####.##..#
#####.##......@K....#
#.####.#######.## #.#
#.# #.####.# #......#
########


You could see a kobold.

Vanquished Creatures
  A bat (D:1)
1 creature vanquished.

Notes
Turn   | Place    | Note
-------+----------+-------------------------------------------
     0 | D:1      | Descartes the Felid Wanderer began the quest for the Orb.
     0 | D:1      | Descartes set off with the following items: a scroll of
                  | blinking, a scroll of fear, a scroll of silence, a piece
                  | from Xom's chessboard (15/15)
     0 | D:1      | Reached XP level 1. HP: 7/7 MP: 3/3
   201 | D:1      | Slain by a kobold

Illustrated notes

Levels and vault maps discovered:
D:1:      saegor_arrival_under_anarchy, layout_loops_ring, serial_shops,
          shop_fountains

Action                   || total
-------------------------++-------
Melee: Unarmed           ||     6
Dodge: Dodged            ||     2
